Map: Jagannatha LE

Players

Rogue - Winner!

  • Race: Zerg Zerg
  • Spawn Location: 1:00

Serral

  • Race: Zerg Zerg
  • Spawn Location: 7:00

Event: StayAtHome Story Cup #3

VOD

Have the link to the VOD?

Description

Time

  • Played on: March 13, 2021, 12:12 p.m.
  • Length: 6:53

All games in this series

Show
View Real Time Build Order
Export as new Build Order

Rogue Zerg - Winner!

Build Orders: Hatch First 

Get SALT Encoding   

  12  0:00  Drone  
  13  0:12  Overlord  
  13  0:17  Drone  
  14  0:31  Drone x2  
  16  0:49  Hatchery  
  15  0:51  Drone  
  15  0:55  Drone  
  17  0:57  Drone  
  18  1:09  Extractor  
  17  1:13  Spawning Pool  
  17  1:16  Drone  
  17  1:20  Drone  
  18  1:28  Drone  
  19  1:39  Drone  
  20  1:52  Drone  
  21  2:01  Queen x2  
  21  2:02  Drone, Overlord  
  26  2:10  Drone  
  26  2:12  Drone, Metabolic Boost  
  28  2:23  Zergling x2  
  28  2:24  Drone  
  30  2:33  Hatchery  
  30  2:36  Drone  
  30  2:37  Drone  
  31  2:44  Queen  
  33  2:54  Baneling Nest  
  33  2:55  Overlord  
  33  2:57  Drone  
  33  2:59  Drone  
  33  3:01  Zergling x2  
  33  3:05  Drone  
  36  3:13  Drone x4  
  36  3:15  Drone  
  36  3:18  Drone  
  42  3:23  Overlord  
  42  3:26  Zergling x4  
  44  3:39  Evolution Chamber  
  43  3:42  Drone x6  
  43  3:46  Lair  
  43  3:48  Extractor  
  48  3:51  Baneling x2  
  48  3:53  Zergling x4  
  48  3:54  Drone  
  51  3:57  Drone  
  51  3:58  Extractor x2  
  51  4:01  Drone x2  
  52  4:03  Drone  
  52  4:07  Overlord  
  53  4:15  Baneling  
  53  4:16  Drone x4  
  56  4:18  Zergling x2  
  56  4:23  Overlord  
  57  4:25  Zergling x2  
  57  4:26  Zergling x6  
  61  4:35  Roach Warren  
  61  4:37  Zergling x2  
  61  4:40  Zergling x2  
  61  4:41  Zergling x6  
  65  4:55  Zergling x8  
  65  4:56  Zergling x2, Spire  
  65  4:59  Zergling x2  
  67  5:03  Baneling  
  67  5:04  Baneling x3  
  67  5:05  Zergling x10  
  72  5:08  Zergling x2  
  72  5:12  Baneling x2  
  72  5:22  Zergling x2  
  68  5:29  Zergling x4  
  68  5:30  Zergling x8, Overlord  
  68  5:31  Overlord  
  68  5:32  Overlord  
  70  5:36  Zergling x2  
  70  5:37  Zergling x6  
  69  5:46  Overlord  
  69  5:47  Zergling x4  
  69  5:49  Zergling x2  
  71  5:54  Baneling  
  71  5:55  Baneling  
  66  6:09  Mutalisk x7  
  75  6:17  Mutalisk  
  75  6:18  Mutalisk  
  77  6:22  Mutalisk  
  77  6:24  Zergling x6  
  82  6:31  Zergling x8  
Show
View Real Time Build Order
Export as new Build Order

Serral Zerg 

Build Orders: Hatch First 

Get SALT Encoding   

  12  0:00  Drone  
  13  0:12  Overlord  
  13  0:17  Drone  
  14  0:30  Drone x2  
  16  0:48  Hatchery  
  15  0:52  Drone  
  15  0:55  Drone  
  17  0:58  Drone  
  18  1:09  Extractor  
  17  1:14  Spawning Pool  
  17  1:17  Drone  
  17  1:20  Drone  
  18  1:28  Drone  
  19  1:38  Drone  
  20  1:49  Drone  
  21  2:00  Queen x2  
  25  2:01  Zergling x2  
  25  2:02  Overlord  
  26  2:09  Metabolic Boost  
  26  2:10  Drone  
  26  2:12  Drone  
  28  2:21  Drone  
  28  2:22  Drone  
  30  2:34  Hatchery  
  30  2:37  Drone  
  30  2:40  Drone  
  31  2:44  Baneling Nest  
  31  2:46  Drone  
  31  2:51  Overlord  
  31  2:54  Drone  
  31  2:56  Zergling x2  
  33  3:05  Drone  
  34  3:06  Zergling x2  
  34  3:09  Drone  
  34  3:10  Drone x2  
  34  3:12  Zergling x4  
  40  3:16  Overlord  
  40  3:19  Drone  
  41  3:21  Zergling x2  
  41  3:26  Queen  
  44  3:35  Drone x2  
  44  3:38  Evolution Chamber  
  44  3:39  Drone x2  
  47  3:42  Drone x2  
  47  3:43  Drone  
  47  3:45  Drone  
  47  3:47  Drone  
  51  3:53  Lair  
  51  3:56  Extractor  
  51  4:00  Roach Warren  
  49  4:04  Zerg Missile Weapons Level 1, Baneling  
  49  4:05  Drone  
  49  4:06  Drone  
  51  4:11  Zergling x2  
  51  4:12  Overlord  
  51  4:13  Drone  
  51  4:14  Drone  
  55  4:17  Drone  
  55  4:18  Extractor  
  55  4:20  Overlord  
  55  4:23  Drone, Zergling x2  
  56  4:25  Drone  
  56  4:26  Drone  
  56  4:29  Extractor  
  57  4:31  Baneling  
  57  4:33  Zergling x4  
  57  4:34  Overlord  
  57  4:38  Overlord  
  59  4:43  Drone  
  59  4:44  Drone  
  60  4:50  Queen  
  60  4:52  Drone x2  
  60  4:55  Zergling x4  
  61  5:01  Spire  
  61  5:02  Roach  
  61  5:05  Roach  
  64  5:10  Roach x2  
  66  5:21  Drone x2  
  66  5:24  Queen x2  
  66  5:25  Nydus Network  
  71  5:31  Roach x2  
  71  5:33  Roach x2  
  72  5:36  Zergling x2, Roach  
  72  5:40  Roach  
  71  5:43  Roach  
  71  5:44  Zergling x2  
  71  5:46  Roach  
  71  5:50  Roach  
  71  5:55  Roach x2  
  73  5:59  Roach  
  73  6:06  Roach x2  
  73  6:09  Nydus Canal  
  73  6:10  Roach  
  73  6:11  Ravager  
  76  6:13  Roach  
  76  6:16  Roach x2  
  74  6:22  Roach x2  
  74  6:23  Roach  
  80  6:27  Overlord  
  80  6:30  Ravager  
  80  6:32  Roach  
  83  6:36  Nydus Canal  
Tags
 
Add a new tag
Caveats
  • Supply blocks, unpowered buildings, or Contaminate may cause inaccurate times.
  • Supply counts are checked every 10 seconds.